 Dungeon Crawl Stone Soup version 0.28-a0-1555-g9ae15a6949 (webtiles) character file.

Game seed: 16735269450799118429

18 gruber the Chiller (level 2, 13/19 HPs)
             Began as a Demonspawn Ice Elementalist on Jan 18, 2022.
             Quit the game on level 1 of the Dungeon.
             The game lasted 00:00:50 (778 turns).

gruber the Chiller (Demonspawn Ice Elementalist)     Turns: 778, Time: 00:00:51

Health: 13/19      AC:  2    Str:  8    XL:     2   Next: 48%
Magic:  1/5        EV: 12    Int: 16    God:
Gold:   24         SH:  0    Dex: 13    Spells: 4/5 levels left

rFire   . . .      SeeInvis .   (no weapon)
rCold   . . .      Faith    .   (no shield)
rNeg    . . .      Spirit   .   a - +0 robe
rPois   .          Reflect  .   (helmet restricted)
rElec   .          Harm     .   (no cloak)
rCorr   .          Rampage  .   (no gloves)
Will    .....                   (no boots)
Stlth   ++........              (no amulet)
HPRegen 0.06/turn               (no ring)
MPRegen 0.09/turn               (no ring)

@: no status effects
A: horns 1
a: no special abilities


You were on level 1 of the Dungeon.
You visited 1 branch of the dungeon, and saw 1 of its levels.

You collected 24 gold pieces.

Inventory:

Armour
 a - a +0 robe (worn)
Scrolls
 c - a scroll of teleportation {unknown}
 e - a scroll of identify {unknown}
Potions
 b - 2 potions of flight {unknown}
 d - a potion of curing {unknown}


   Skills:
 - Level 1.7 Dodging
 - Level 1.7 Stealth
 + Level 2.2 Spellcasting
 + Level 4.1 Ice Magic


You had 4 spell levels left.
You knew the following spells:

 Your Spells              Type           Power      Damage    Failure   Level
a - Freeze                Ice            60%        1d8       3%          1

Your spell library contained the following spells:

 Spells                   Type           Power      Damage    Failure   Level
 Frozen Ramparts          Ice            30%        1d5       11%         3
 Ozocubu's Armour         Ice            15%        N/A       11%         3
 Hailstorm                Conj/Ice       8%         3d4       65%         4


Dungeon Overview and Level Annotations

Branches:
Dungeon (1/15)

Altars:


Innate Abilities, Weirdness & Mutations

You have a pair of small horns on your head.


Message History

The gnoll is severely wounded.
The gnoll barely misses you.
You freeze the gnoll.
The gnoll is severely wounded.
The gnoll barely misses you.
You are too depleted to draw on your mana recklessly!
You are too depleted to draw on your mana recklessly!
Casting: Freeze (safe; 4% risk of failure)
Confirm with . or Enter, or press ? or * to list all spells.
Aiming: Freeze (safe; 4% risk of failure)
Press: ? - help, Shift-Dir - straight line, f/p - gnoll
Aim: a gnoll, wielding a +0 flail (severely wounded)
You freeze the gnoll.
The gnoll is severely wounded.
The gnoll hits you with a +0 flail.
Unknown command.
Unknown command.
Casting: Freeze (safe; 4% risk of failure)
Confirm with . or Enter, or press ? or * to list all spells.
Aiming: Freeze (safe; 4% risk of failure)
Press: ? - help, Shift-Dir - straight line, f/p - gnoll
Aim: a gnoll, wielding a +0 flail (severely wounded)
You freeze the gnoll.
The gnoll is severely wounded.
The gnoll hits you with a +0 flail.
Unknown command.
Unknown command.
Casting: Freeze (safe; 4% risk of failure)
Confirm with . or Enter, or press ? or * to list all spells.
Aiming: Freeze (safe; 4% risk of failure)
Press: ? - help, Shift-Dir - straight line, f/p - gnoll
Aim: a gnoll, wielding a +0 flail (severely wounded)
You freeze the gnoll!
You kill the gnoll!
Your Ice Magic skill increases to level 4!
You have reached level 2!
You feel monstrous as your demonic heritage exerts itself.
Your demonic ancestry asserts itself...
A pair of horns grows on your head!
Are you sure you want to abandon this character and quit the game? (Confirm with "yes".)

..# #####.###############.#.#
..#####..................##.#.#
............############.##.#.##
#########...# #.##....#
#........#..## #.####..#
.####'##.##..###########.# #>.#
##.....##.##.............# #..#
#.#####.##.#.##########..# #..#
.##...##.#(#....@).......####..#
.#.###.#.#.#..#########........#
.#.#<#.#.###..# ########.#
.#.'##.###.#.## #......#
.##.#.##.#.#.# #.######
#.##.##.##.#.# #.#
##.....##.##.# #.#
.#######.##..# #.#
#.......##..## #.#


There were no monsters in sight!

Vanquished Creatures
  A gnoll (D:1)
  3 endoplasms (D:1)
  A kobold (D:1)
  A quokka (D:1)
  A frilled lizard (D:1)
7 creatures vanquished.

Notes
Turn   | Place    | Note
-------+----------+-------------------------------------------
     0 | D:1      | gruber the Demonspawn Ice Elementalist began the quest for
                  | the Orb.
     0 | D:1      | Reached XP level 1. HP: 13/13 MP: 3/3
   778 | D:1      | Reached skill level 4 in Ice Magic
   778 | D:1      | Discovered your monstrous ancestry.
   778 | D:1      | Gained mutation: You have a pair of small horns on your
                  | head. [demonic ancestry]
   778 | D:1      | Reached XP level 2. HP: 13/19 MP: 1/5
   778 | D:1      | Quit the game

Illustrated notes

Levels and vault maps discovered:
D:1:      evilmike_arrival_rings, layout_loops_ring, minmay_misc_feat_x

Skill      XL: |  1 |
---------------+----+-----
Ice Magic      | 4 |  4.1
Dodging        | |  1.7
Stealth        | |  1.7
Spellcasting   | |  2.2

Action                   || total
-------------------------++-------
Melee: Unarmed           ||     1
 Cast: Freeze            ||    16
Dodge: Dodged            ||     7

Table legend: (Time is in decaauts)
 A = Elapsed time spent in this place.
 B = Non-inter-level travel time spent in this place.
 C = Inter-level travel time spent in this place.
 D = Time resting spent in this place.
 E = Time spent auto-exploring this place.
 F = Levels seen in this place.
 G = Mean time per level.
                   A        B        C        D        E       F      G
               +--------+--------+--------+--------+--------+-----+--------+
         Total |    778 |    778 |      0 |      0 |    614 |   1 |  778.0 |
       Dungeon |    778 |    778 |      0 |      0 |    614 |   1 |  778.0 |
               +--------+--------+--------+--------+--------+-----+--------+

Top non-repeatable levels by time:
     D:1: 778 daAuts
